cohdb
Replays
Latest Replays
All Replays
Popular Replays
Top Player Replays
Match Explorer
How It Works
Community
CoH3 Stats
Reddit
Sign in to upload your games and track your stats! →
Sign in with Steam
Match 44716840
Unlisted
Match 44716840
Overview
Messages
Build Orders
End
Kradschützen Motorcycle Team
Panzergrenadier Squad
Panzergrenadier Squad
Construct Light Support Kompanie
MG34 Team
MG34 Team
Panzergrenadier Squad
Panzerjäger Mechanized Group
2.5-tonne Medical Truck
Fire Support Elements
Pak 38 Anti-tank Gun Team
Assault Grenadier Squad
Construct Panzerarmee Kommand
Pak 38 Mechanized Group
Pak 38 Anti-tank Gun Team
Pak 38 Anti-tank Gun Team
I AM NOOB
Mustache and Melons
rich_2k3
Trunkie88
0
0
Comments
sign in to comment!
No comments posted yet!